Map: Blueshift LE

Players

TokiSada - Winner!

  • Race: Protoss Protoss
  • League: Master
  • Spawn Location: 1:00

Dropbear

  • Race: Terran Terran
  • League: Master
  • Spawn Location: 7:00

VOD

Have the link to the VOD?

Description

Time

  • Played on: Dec. 1, 2018, 2:36 a.m.
  • Length: 8:57
Show
View Real Time Build Order
Export as new Build Order

TokiSada Protoss - Winner!

Build Orders: 1 Gate Expand, Colossus Rush 

Get SALT Encoding   

  12  0:00  Probe  
  13  0:13  Probe  
  14  0:18  Pylon  
  14  0:24  Probe  
  15  0:32  Probe  
  15  0:37  Gateway  
  15  0:40  Probe  
  16  0:45  Assimilator  
  17  0:51  Probe  
  18  1:03  Probe  
  19  1:15  Probe  
  20  1:26  Cybernetics Core  
  20  1:35  Nexus  
  20  1:39  Assimilator  
  20  1:40  Probe  
  20  1:46  Pylon  
  21  1:52  Probe  
  22  1:55  Adept  
  22  2:05  Warp Gate  
  22  2:06  Probe  
  24  2:15  Stalker  
  24  2:20  Probe  
  27  2:32  Probe  
  27  2:34  Robotics Facility  
  28  2:44  Probe, Stalker  
  28  2:49  Probe  
  31  2:57  Probe  
  32  3:01  Probe  
  33  3:09  Probe  
  34  3:13  Probe  
  35  3:21  Probe  
  35  3:24  Gateway  
  35  3:25  Probe  
  35  3:26  Gateway  
  35  3:29  Probe  
  35  3:31  Observer  
  35  3:33  Probe  
  37  3:38  Probe  
  37  3:39  Pylon  
  37  3:41  Probe  
  38  3:47  Probe  
  40  3:52  Probe  
  42  3:59  Probe  
  43  4:02  Pylon  
  43  4:04  Probe  
  43  4:07  Warp Prism  
  42  4:11  Probe, Stalker  
  42  4:14  Pylon  
  42  4:16  Probe  
  46  4:22  Stalker x2  
  46  4:23  Probe  
  46  4:24  Assimilator  
  51  4:28  Probe  
  51  4:29  Assimilator  
  52  4:35  Probe  
  52  4:38  Twilight Council  
  53  4:40  Probe, Forge  
  53  4:44  Observer  
  55  4:48  Probe, Pylon  
  56  4:56  Blink  
  56  4:57  Protoss Ground Weapons Level 1  
  56  5:00  Stalker  
  56  5:01  Stalker  
  56  5:02  Probe  
  61  5:07  Probe  
  61  5:12  Robotics Bay  
  61  5:14  Observer  
  63  5:18  Probe  
  64  5:24  Probe  
  65  5:30  Adept, Probe  
  65  5:31  Adept x2  
  72  5:36  Probe  
  72  5:41  Nexus  
  72  5:44  Pylon  
  72  5:49  Pylon  
  72  5:55  Colossus  
  72  5:56  Observer  
  73  6:01  Observer, Extended Thermal Lance  
  73  6:09  Pylon  
  78  6:13  Sentry x2  
  82  6:23  Pylon  
  82  6:25  Probe  
  83  6:30  Gateway x2  
  83  6:31  Protoss Ground Armor Level 1  
  83  6:33  Gateway  
  83  6:34  Pylon  
  83  6:36  Observer  
  83  6:38  Probe  
  84  6:40  Colossus  
  84  6:41  Observer  
  84  6:42  Probe  
  84  6:47  Charge  
  85  6:50  Probe  
  92  6:55  Probe  
  93  7:03  Probe  
  93  7:05  Gateway  
  94  7:09  Probe x2, Gateway x2  
  96  7:15  Gateway  
  96  7:22  Forge  
  96  7:25  Pylon  
  96  7:28  Zealot x2  
  96  7:29  Zealot  
  102  7:36  Immortal  
  106  7:44  Zealot x3  
  110  8:02  Zealot x3  
  110  8:03  Zealot  
  116  8:07  Templar Archives  
  112  8:13  Immortal  
  112  8:17  Zealot x6  
  112  8:32  Stalker x3  
  112  8:33  Stalker  
  120  8:38  Zealot  
  120  8:39  Zealot x3  
  128  8:43  Zealot x2  
Show
View Real Time Build Order
Export as new Build Order

Dropbear Terran 

Build Orders:  

Get SALT Encoding   

  12  0:00  SCV  
  13  0:13  SCV  
  14  0:17  Supply Depot  
  14  0:25  SCV  
  15  0:38  SCV  
  15  0:40  Barracks  
  16  0:44  Refinery  
  16  0:50  SCV  
  17  1:02  SCV  
  18  1:18  SCV  
  19  1:28  Marine  
  19  1:31  Orbital Command  
  20  1:40  Command Center  
  20  1:46  Reaper  
  21  1:51  Supply Depot  
  21  1:58  SCV  
  22  2:07  Refinery  
  22  2:10  SCV  
  22  2:15  Factory  
  23  2:22  Barracks Reactor  
  23  2:23  SCV  
  24  2:35  SCV  
  25  2:48  SCV  
  26  2:53  Orbital Command  
  26  2:59  Marine  
  26  3:00  SCV, Marine  
  26  3:05  Factory Tech Lab  
  28  3:12  SCV  
  27  3:17  Marine x2  
  28  3:24  SCV  
  28  3:25  Cyclone  
  32  3:29  SCV  
  32  3:34  Mag-Field Accelerator  
  33  3:36  SCV  
  33  3:38  Marine x2  
  36  3:47  SCV  
  36  3:48  SCV  
  38  3:50  Supply Depot  
  37  3:57  Cyclone  
  37  3:58  Marine x2  
  37  3:59  SCV  
  37  4:00  SCV  
  43  4:11  SCV  
  43  4:12  SCV  
  43  4:13  Supply Depot  
  45  4:17  Marine x2  
  45  4:19  Bunker  
  45  4:23  SCV  
  48  4:24  SCV  
  49  4:32  Barracks  
  49  4:35  SCV, Barracks  
  49  4:38  Siege Tank  
  53  4:39  Marine  
  54  4:46  SCV  
  54  4:47  SCV  
  56  4:53  Marine  
  56  4:58  SCV  
  56  4:59  SCV  
  59  5:00  Marine  
  59  5:06  Refinery  
  59  5:07  Supply Depot  
  59  5:08  Supply Depot  
  59  5:10  SCV, Engineering Bay  
  60  5:21  SCV  
  60  5:22  SCV, Barracks Tech Lab x2  
  60  5:26  Starport  
  60  5:27  Supply Depot  
  62  5:28  Marine x2  
  64  5:40  Siege Tank  
  64  5:41  SCV, Terran Infantry Weapons Level 1  
  68  5:44  Supply Depot  
  68  5:46  Stimpack, Combat Shield  
  68  5:47  Marine  
  69  5:50  Marine x2  
  69  5:52  SCV  
  69  5:56  Refinery  
  72  5:58  Missile Turret  
  72  5:59  SCV  
  72  6:03  Marine  
  74  6:04  SCV  
  74  6:06  Starport Reactor  
  75  6:11  Supply Depot  
  75  6:13  Marine  
  75  6:16  Siege Tank  
  75  6:18  Marine x2  
  79  6:25  Marauder  
  83  6:30  Supply Depot  
  83  6:31  Marauder  
  85  6:36  Marine x2  
  87  6:42  Medivac x2  
  87  6:46  Marauder  
  93  6:53  Supply Depot, Marauder  
  95  6:54  Siege Tank  
  95  6:58  Liberator  
  98  7:03  Marine x2  
  98  7:06  Supply Depot  
  98  7:07  Concussive Shells  
  98  7:08  Marauder  
  102  7:09  Liberator  
  102  7:14  Marauder  
  104  7:20  Supply Depot  
  104  7:21  Marine x2  
  109  7:29  Marine  
  115  7:30  Widow Mine  
  115  7:35  Marine  
  115  7:39  Marine x2  
  117  7:47  Marauder  
  116  7:58  Marine x2  
  112  7:59  Siege Tank  
  113  8:07  Marauder  
  113  8:08  Marine  
  109  8:15  Marine  
  109  8:19  Marine  
  95  8:26  Marauder  
  92  8:28  Marauder  
  94  8:37  Bunker  
Tags
 
Add a new tag
Caveats
  • Supply blocks, unpowered buildings, or Contaminate may cause inaccurate times.
  • Supply counts are checked every 10 seconds.